 Dungeon Crawl Stone Soup version 0.25.0-9-g26727b657a (webtiles) character file.

Game seed: 15199216981842100599

715 MajorAdolf the Chopper (level 7, -4/61 HPs)
             Began as a Naga Wanderer on June 21, 2020.
             Slain by an orc warrior
             ... wielding a +0 trident
              (12 damage)
             ... on level 6 of the Dungeon.
             The game lasted 00:09:57 (6152 turns).

MajorAdolf the Chopper (Naga Wanderer)              Turns: 6152, Time: 00:09:58

Health: -4/61      AC:  6    Str: 16    XL:     7   Next: 69%
Magic:  19/19      EV:  9    Int: 11    God:
Gold:   139        SH:  0    Dex: 12    Spells: 6/6 levels left

rFire    . . .     SeeInvis +   i - +2 dagger (venom)
rCold    . . .     Gourm    .   (no shield)
rNeg     . . .     Faith    .   d - +1 robe
rPois    +         Spirit   .   D - +2 hat
rElec    .         Reflect  .   (no cloak)
rCorr    .         Harm     .   (no gloves)
MR       .....                  (no barding)
Stlth    ++........             (no amulet)
HPRegen  0.20/turn              a - ring of magical power
MPRegen  0.16/turn              y - ring of wizardry

@: very slow
A: large, see invisible, deformed body, poison resistance, slowness 2, slow
metabolism 1, spit poison 1, AC +2
a: Spit Poison


You were on level 6 of the Dungeon.
You were not hungry.

You visited 1 branch of the dungeon, and saw 6 of its levels.

You collected 139 gold pieces.

Inventory:

Hand Weapons
 i - a +2 dagger of venom (weapon)
 q - a +0 hand axe
Armour
 d - a +1 robe (worn)
 D - a +2 hat (worn)
Jewellery
 a - a ring of magical power (left hand)
 y - a ring of wizardry (right hand)
Wands
 c - a wand of disintegration (5)
 j - a wand of iceblast (5)
 B - a wand of flame (12)
Scrolls
 e - a scroll of remove curse
 h - 2 scrolls of magic mapping
 k - a scroll of enchant armour
 u - a scroll of identify
 w - 3 scrolls of amnesia {unknown}
 x - a scroll of enchant weapon {unknown}
 z - a scroll of fear
 A - 2 scrolls of teleportation
Potions
 b - 2 potions of haste
 g - a potion of resistance
 l - 3 potions of brilliance
 m - a potion of stabbing
 n - a potion of cancellation
 o - a potion of heal wounds
 p - 2 potions of lignification {unknown}
 r - a potion of mutation {unknown}
 s - a potion of might {unknown}
 t - a potion of degeneration {unknown}
 v - a potion of magic {unknown}
Comestibles
 f - 7 rations
 C - a chunk of flesh


   Skills:
 - Level 2.8 Fighting
 + Level 6.7 Axes
 - Level 3.3 Stealth
   Level 5.0 Necromancy
 + Level 4.2 Evocations


You had 6 spell levels left.
You didn't know any spells.
Your spell library contained the following spells:

 Spells                   Type           Power        Failure   Level  Hunger
 Animate Skeleton         Necr           N/A          1%          1    ##.....
 Pain                     Necr           ##..         1%          1    ##.....
 Vampiric Draining        Necr           ##........   6%          3    ####...
 Beastly Appendage        Tmut           #.....       14%         1    ##.....
 Animate Dead             Necr           N/A          17%         4    #####..
 Ignite Poison            Fire/Tmut/Pois #.......     38%         3    ####...
 Agony                    Necr           ##......     43%         5    ######.


Dungeon Overview and Level Annotations

Branches:
Dungeon (5/15)
 Temple: D:4-7

Altars:
Fedhas
Ru
Vehumet

Annotations:
D:6 1 transporter, Asparus's ghost, novice DEFE


Innate Abilities, Weirdness & Mutations

You cannot wear boots.
Your serpentine skin is tough. (AC +2)
You have supernaturally acute eyesight. (SInv)
Armour fits poorly on your strangely shaped body.
Your system is resistant to poisons. (rPois)
You cover ground very slowly.
You have a slow metabolism.
You can spit poison.


Message History

The orc warrior hits you with a +0 trident!!
You hit the orc warrior.
The orc warrior looks as sick as possible!
The orc warrior is moderately wounded.
The orc warrior hits you but does no damage.
You hit the orc warrior.
The orc warrior is heavily wounded.
The orc warrior closely misses you.
You closely miss the orc warrior.
The orc warrior is heavily wounded.
You hit the orc warrior but do no damage.
The orc warrior looks as sick as possible!
The orc warrior is heavily wounded.
The orc warrior hits you with a +0 trident!!
* * * LOW HITPOINT WARNING * * *
Unknown command.
The orc warrior hits you from afar with a +0 trident!
* * * LOW HITPOINT WARNING * * *
The orc warrior hits you from afar with a +0 trident!
You die...

######## ###
#)?#...# ... ?....+
.. ##. #=..#
.##....
#####o######.....##
#..................
###.@######.###..#
##............#
########.##### #.#
#.# #.# #.# #.#
#.#########


You could see an orc warrior (extremely poisoned).

Vanquished Creatures
  2 ogres
  2 scorpions
  2 jellies
  An orc priest (D:3)
  A hound (D:4)
  4 worker ants
  2 iguanas
  Ijyb (D:4)
  2 orc wizards (D:3)
  3 adders
  A shadow imp (D:6)
  An ooze (D:2)
  2 adder skeletons
  A leopard gecko (D:2)
  10 orcs
  4 bats
  A giant cockroach (D:2)
  4 goblins
  4 hobgoblins
  2 jackals (D:4)
  3 quokkas
  A ball python (D:3)
  4 frilled lizards
  2 jackal skeletons (D:2)
  2 jackal zombies (D:2)
  8 kobolds
  4 rats
74 creatures vanquished.

Notes
Turn   | Place    | Note
-------+----------+-------------------------------------------
     0 | D:1      | MajorAdolf the Naga Wanderer began the quest for the Orb.
     0 | D:1      | MajorAdolf set off with the following items: a +0 club, a
                  | potion of curing, a +0 robe, a ration; and the following
                  | spells available to memorise: Animate Skeleton, Pain,
                  | Vampiric Draining, Beastly Appendage, Animate Dead, Ignite
                  | Poison, Agony
     0 | D:1      | Reached XP level 1. HP: 15/15 MP: 1/1
   272 | D:1      | Reached skill level 1 in Fighting
   531 | D:1      | Reached XP level 2. HP: 24/25 MP: 2/2
  1510 | D:2      | Reached XP level 3. HP: 19/32 MP: 3/3
  2412 | D:3      | Reached XP level 4. HP: 40/40 MP: 4/4
  2498 | D:3      | Found a faded altar of an unknown god.
  2553 | D:3      | Found a sacrificial altar of Ru.
  2677 | D:3      | Reached skill level 4 in Axes
  2696 | D:3      | Reached XP level 5. HP: 17/48 MP: 5/5
  3636 | D:4      | Reached skill level 5 in Axes
  3748 | D:4      | Noticed a phantom
  3896 | D:4      | Noticed Ijyb
  3906 | D:4      | Killed Ijyb
  3906 | D:4      | Reached XP level 6. HP: 46/55 MP: 7/7
  4666 | D:4      | Found a blossoming altar of Fedhas.
  5113 | D:5      | Entered Level 5 of the Dungeon
  5545 | D:5      | Reached skill level 6 in Axes
  5545 | D:5      | Reached XP level 7. HP: 48/61 MP: 9/9
  5710 | D:5      | You fall into a shaft and drop 1 floor!
  5710 | D:6      | Found a radiant altar of Vehumet.
  5833 | D:6      | Found a transporter.
  5834 | D:6      | Noticed Asparus's ghost (novice DEFE)
  6152 | D:6      | Slain by an orc warrior

Illustrated notes

Levels and vault maps discovered:
D:1:      lightli_molten_gateway, layout_basic
D:2:      layout_rooms, serial_undead, serial_undead_f, serial_undead_e,
          serial_undead_d, serial_undead_b, first_ration
D:3:      layout_loops_ring, nicolae_ru_sacrificial_ziggurat,
          chequers_ecumenical_altar_island
D:4:      layout_basic, fedhas_altar_2, uniq_ijyb
D:5:      layout_rooms, lemuel_doored_altar, overflow_temple_1_default,
          minmay_temple_entry_glassed_door, ebering_ghost_disaster_area,
          basic_altar, nicolae_qazlal_general_emergency
D:6:      minmay_thinvault, layout_cave_pools, vehumet_altar_wand_db,
          gammafunk_ghost_arena

Skill      XL: |  1  2  3  4  5  6  7 |
---------------+----------------------+-----
Fighting       | 1 2 |  2.8
Stealth        | 2 3 |  3.3
Axes           | 4 5 6 |  6.7
Evocations     | 3 4 |  4.2
Necromancy     | |  5.0

Action                   |  1- 3 |  4- 6 |  7- 9 || total
-------------------------+-------+-------+-------++-------
Melee: Club              |     5 |       |       ||     5
       Dagger            |   102 |   129 |    31 ||   262
       Hand axe          |       |    10 |       ||    10
 Abil: Spit Poison       |    14 |     6 |     2 ||    22
Evoke: Wand              |       |     3 |     5 ||     8
  Use: Potion            |       |     1 |       ||     1
       Scroll            |       |    12 |     1 ||    13
 Stab: Sleeping          |     1 |     1 |       ||     2
  Eat: Chunk             |     4 |     6 |       ||    10
       Ration            |       |     1 |       ||     1
Armor: Robe              |    38 |    22 |     5 ||    65
Dodge: Dodged            |    66 |    64 |    13 ||   143
